Map: 瑟拉斯废墟

Players

gostogoplopy - Winner!

  • Race: Zerg Zerg

shengy

  • Race: Zerg Zerg
  • League: Platinum

VOD

Have the link to the VOD?

Description

Time

  • Played on: Dec. 30, 2015, 12:52 a.m.
  • Length: 9:46
Show
View Real Time Build Order
Export as new Build Order

gostogoplopy Zerg - Winner!

Build Orders: 3 Hatch before Pool 

Get SALT Encoding   

  12  0:01  Drone  
  13  0:13  Overlord  
  13  0:18  Drone  
  14  0:33  Drone x2  
  16  0:37  Drone  
  17  0:55  Hatchery  
  17  1:01  Hatchery  
  17  1:04  Drone  
  17  1:20  Spawning Pool  
  16  1:26  Drone  
  16  1:27  Drone  
  16  1:29  Drone  
  19  1:45  Drone  
  20  1:59  Overlord  
  20  2:12  Queen  
  20  2:13  Queen  
  24  2:25  Extractor  
  24  2:27  Spine Crawler  
  24  2:28  Roach Warren  
  21  2:32  Drone  
  21  2:33  Drone x2  
  24  2:40  Extractor  
  23  2:48  Queen  
  23  2:49  Queen  
  27  3:00  Drone  
  28  3:06  Spine Crawler  
  27  3:37  Roach x4  
  27  3:41  Overlord  
  35  3:42  Drone  
  36  4:21  Roach  
  36  4:22  Drone x2, Roach x2  
  44  4:40  Overlord  
  44  4:59  Lair  
  45  5:00  Drone x5  
  45  5:01  Overlord  
  49  5:19  Drone x2  
  49  5:20  Drone  
  52  5:37  Overlord  
  52  5:42  Drone, Extractor  
  52  5:43  Drone x5  
  52  5:44  Extractor  
  52  6:06  Drone x3  
  52  6:07  Drone x4  
  59  6:26  Evolution Chamber x2  
  59  6:31  Drone x3  
  59  6:32  Drone x2, Overlord  
  62  6:33  Overlord x2  
  62  6:35  Overseer  
  59  7:21  Queen x2  
  63  7:28  Drone x2  
  63  7:29  Spine Crawler  
  64  7:34  Zerg Missile Weapons Level 1, Zerg Ground Armor Level 1  
  64  7:40  Roach x11  
  64  7:41  Roach x2  
  90  7:54  Drone  
  90  7:55  Drone  
  92  8:16  Hatchery  
  92  8:18  Overlord x2  
  92  8:19  Overlord  
  91  8:22  Glial Reconstitution  
  91  8:41  Overlord x2  
  91  8:51  Roach x4  
  91  8:52  Roach x7  
  99  9:18  Roach x7  
  113  9:35  Spine Crawler  
Show
View Real Time Build Order
Export as new Build Order

shengy Zerg 

Build Orders: Pool First 

Get SALT Encoding   

  12  0:01  Drone  
  13  0:13  Drone, Extractor  
  14  0:18  Overlord  
  14  0:36  Drone x2  
  14  0:37  Drone  
  17  0:49  Spawning Pool  
  16  0:51  Extractor  
  16  0:56  Drone  
  16  1:05  Drone  
  17  1:19  Drone  
  18  1:31  Hatchery  
  17  1:37  Queen  
  19  1:41  Zergling x2  
  19  1:45  Zergling x2  
  21  1:53  Metabolic Boost  
  21  1:55  Drone  
  22  2:12  Evolution Chamber  
  22  2:13  Drone  
  22  2:19  Overlord  
  22  2:28  Baneling Nest  
  21  2:31  Zergling x2  
  22  2:48  Zergling x12  
  28  3:06  Zerg Melee Weapons Level 1  
  28  3:25  Zergling x14  
  34  3:46  Baneling  
  34  3:51  Overlord  
  34  3:53  Drone  
  35  4:04  Queen  
  24  4:29  Roach Warren  
  22  4:31  Extractor, Zergling x2  
  22  4:32  Zergling x12  
  28  4:47  Roach Warren, Drone  
  28  4:56  Drone  
  28  4:58  Drone  
  30  5:02  Drone  
  31  5:12  Roach  
  31  5:13  Drone  
  34  5:19  Overlord  
  34  5:22  Drone  
  35  5:30  Drone  
  36  5:36  Lair  
  36  5:39  Drone  
  33  6:08  Roach  
  33  6:09  Roach x4  
  43  6:20  Overlord  
  43  6:21  Overlord  
  43  6:33  Drone  
  43  6:34  Overlord x2  
  44  7:08  Roach  
  44  7:09  Roach x6  
  54  7:28  Drone x3  
  54  7:29  Drone, Spire  
  57  7:34  Overseer  
  57  7:43  Drone x2  
  57  7:44  Drone  
  60  7:45  Drone  
  60  7:47  Zergling x2  
  62  7:52  Extractor  
  62  7:53  Drone, Extractor  
  62  7:55  Drone  
  62  7:58  Drone  
  63  8:01  Drone  
  64  8:06  Drone  
  64  8:07  Drone  
  64  8:10  Drone  
  64  8:11  Drone  
  68  8:15  Drone  
  68  8:16  Drone  
  68  8:18  Drone  
  71  8:24  Zergling x4  
  73  8:35  Overlord  
  73  8:36  Overlord  
  73  8:38  Drone x2  
  57  9:11  Roach x10  
  61  9:24  Roach  
  61  9:25  Roach x2  
Tags
 
Add a new tag
Caveats
  • Supply blocks, unpowered buildings, or Contaminate may cause inaccurate times.
  • Supply counts are checked every 10 seconds.